 Dungeon Crawl Stone Soup version 0.30.0-29-ga12c61a403 (webtiles) character file.

Game seed: 1584279706828453324

228 Bamboolord the Insei (level 5, -4/37 HPs)
             Began as a Demonspawn Transmuter on June 6, 2023.
             Slain by an orc
             ... wielding a +0 falchion
              (6 damage)
             ... on level 2 of the Dungeon.
             The game lasted 00:04:02 (1862 turns).

Bamboolord the Insei (Demonspawn Transmuter)        Turns: 1862, Time: 00:04:03

Health: -4/37      AC:  3    Str: 16    XL:     5   Next: 71%
Magic:  8/9        EV: 12    Int: 17    God:
Gold:   67         SH:  0    Dex: 13    Spells: 3/9 levels left

rFire   . .          .
                       - Unarmed
rCold   . . .        (no shield)
rNeg    . . .        a - +0 robe
rPois   .            (helmet currently unavailable)
rElec   .            d - +0 cloak
rCorr   .            (no gloves)
SInv    .            (boots currently unavailable)
Will    .....        (no amulet)
Stlth   +            f - +6 ring of strength
HPRegen 0.26/turn    (no ring)
MPRegen 0.11/turn

%: no passive effects
@: appendages
A: horns 2, talons 2, hooves 1, weakness stinger 1
a: End Transformation


You were on level 2 of the Dungeon.
You had temporarily grown beastly horns and talons.
You visited 1 branch of the dungeon, and saw 3 of its levels.

You collected 67 gold pieces.

Inventory:

Missiles
 b - a throwing net
Armour
 a - a +0 robe (worn)
 d - a +0 cloak (worn)
Jewellery
 f - a +6 ring of strength (left hand)
Scrolls
 g - a scroll of blinking
 h - 2 scrolls of immolation {unknown}
 j - a scroll of amnesia {unknown}
Potions
 c - 2 potions of curing
 e - a potion of attraction {unknown}
 i - 2 potions of flight {unknown}
 k - a potion of mutation {unknown}
 l - a potion of might {unknown}


   Skills:
 * Level 1.6 Fighting
 * Level 2.9 Dodging
 + Level 0.1 Stealth
 * Level 3.7 Unarmed Combat
 * Level 2.7 Spellcasting
 * Level 2.5 Transmutations
 * Level 2.2 Poison Magic


You had 3 spell levels left.
You knew the following spells:

 Your Spells              Type           Power      Damage    Failure   Level
a - Beastly Appendage     Tmut           20%        N/A       6%          1
b - Wereblood             Tmut           10%        N/A       10%         2
c - Spider Form           Tmut/Pois      10%        N/A       21%         3

Your spell library contained the following spells:

 Spells                   Type           Power      Damage    Failure   Level
 Ice Form                 Ice/Tmut       6%         N/A       71%         4


Dungeon Overview and Level Annotations

Branches:
Dungeon (3/15)

Altars:

Shops:
D:2 :


Innate Abilities, Weirdness & Mutations

You have temporarily grown beastly horns and talons.
You have large cloven feet.
You have a small tail.


Message History

You start resting.
Your horns disappear.
Your talons disappear.
HP restored.
You climb downwards.
The bat barely misses you. The bat closely misses you.
There is a stone staircase leading up here.
The bat hits you but does no damage.
You climb upwards.
There is a stone staircase leading down here.
Things that are here:
a +0 ring mail; a +0 club You climb downwards.
The bat barely misses you. The bat hits you.
The orc priest hits you with a +0 flail.
The orc closely misses you.
The orc priest looks braver for a moment.
The orc barely misses you.
There is a stone staircase leading up here.
Unknown command.
The bat hits you but does no damage.
The orc priest calls down the wrath of Beogh upon you.
You barely resist.
The orc priest mumbles some strange prayers to Beogh against you.
Beogh smites you! The orc hits you with a +0 falchion.
You climb upwards.
There is a stone staircase leading down here.
Things that are here:
a +0 ring mail; a +0 club
Casting: Beastly Appendage (safe; 6% risk of failure)
Press: ? - help, Q - select action, (/) - cycle Dir - look around, f - activate You grow a pair of large bovine horns.
Your feet morph into talons.
The bat barely misses you.
The orc priest calls down the wrath of Beogh upon you.
Beogh smites you!
* * * LOW HITPOINT WARNING * * *
The orc hits you with a +0 falchion.
* * * LOW HITPOINT WARNING * * *
You barely miss the orc priest. You tail-slap the orc priest.
The orc priest is heavily wounded.
The bat closely misses you. The orc priest misses you.
The orc hits you with a +0 falchion.
You die...

#.............#
#......##.....#
#......##.....#
##########.####.....#
#........#.#........#
#....#.....#.....#.##
#..÷.#...............
#...o#.....#######.##
####..b@)...#.# #.##
#.....o†#####.# #.##
####.......###.#.# #.##
#..............#.# #...
#.##.......###.#.# ####
#..............#.# ###
####.....###.##..#.########..
#........##......#........###
#.##.............#...........


You could see an orc priest, an orc and a bat.

Vanquished Creatures
  Sigmund (D:2)
  3 adders (D:2)
  A dart slug (D:1)
  2 orcs (D:2)
  2 ball pythons (D:2)
  2 endoplasms
  A giant cockroach (D:2)
  5 hobgoblins
  6 quokkas
  2 bats (D:1)
  3 kobolds
  2 rats
30 creatures vanquished.

Notes
Turn   | Place    | Note
-------+----------+-------------------------------------------
     0 | D:1      | Bamboolord the Demonspawn Transmuter began the quest for
                  | the Orb.
     0 | D:1      | Reached XP level 1. HP: 15/15 MP: 3/3
    45 | D:1      | Found a faded altar of an unknown god.
   144 | D:1      | Reached skill level 3 in Unarmed Combat
   203 | D:1      | Discovered your monstrous ancestry.
   203 | D:1      | Gained mutation: You have a small tail. [demonic ancestry]
   203 | D:1      | Reached XP level 2. HP: 7/21 MP: 1/5
   896 | D:2      | Learned a level 2 spell: Wereblood
   904 | D:2      | Found Syjehon's Book Shoppe.
  1124 | D:2      | Reached XP level 3. HP: 24/26 MP: 4/6
  1229 | D:2      | Noticed Sigmund
  1259 | D:2      | Killed Sigmund
  1260 | D:2      | Reached XP level 4. HP: 18/32 MP: 5/7
  1260 | D:2      | Gained mutation: You have large cloven feet. [demonic
                  | ancestry]
  1260 | D:2      | Reached XP level 5. HP: 20/37 MP: 5/8
  1361 | D:2      | Identified the +5 ring mail of Kleptomania {Int+2 Dex+8}
  1395 | D:2      | Learned a level 3 spell: Spider Form
  1862 | D:2      | Slain by an orc

Illustrated notes

Levels and vault maps discovered:
D:1:      giann_wishing_wells, layout_loops_ring, ebering_ecumenical_altar_ruins
D:2:      layout_basic, serial_shops, nicolae_shop_tiny_real_fake_doors,
          uniq_sigmund
D:3:      layout_rooms, st_stairs_2, minivault_23, amcnicky_mini_pool_small,
          uniq_grinder

Skill      XL: |  1  2  3 |
---------------+----------+-----
Unarmed Combat | 3 |  3.7
Transmutations | 2 |  2.5
Dodging        | 2 |  2.9
Poison Magic   | 2 |  2.2
Fighting       | |  1.6
Stealth        | |  0.1
Spellcasting   | |  2.7

Action                     |  1- 3 |  4- 6 || total
---------------------------+-------+-------++-------
  Melee: Unarmed           |    68 |    26 ||    94
         Kick              |    13 |    14 ||    27
         Headbutt          |     3 |     4 ||     7
         Tailslap          |     2 |     8 ||    10
         Punch             |     1 |       ||     1
   Cast: Beastly Appendage |    18 |     7 ||    25
    Use: Scroll            |     2 |       ||     2
         Potion            |     2 |       ||     2
 Armour: Robe              |    12 |    14 ||    26
         Skin              |     2 |       ||     2
  Dodge: Dodged            |    42 |    37 ||    79
